AoeStats
← UMMA KHAN

Arabia

510939737Analyzed
1v1 RM · 18h ago on Oct 3, 2026· 42m 52s· 2 players
Game mode
Random Map
Map size
Tiny (2 player)
Population
200
Speed
Normal
Resources
Standard
Victory
Conquest
Starting age
Dark Age
Ending age
Imperial Age
RankedLock teamsTeams togetherTeam positionsShared explorationLock speedFull tech treeHidden civsTurbo modeCheats
Victory
Defeat
🇹🇷 Britons · Türkiye
494
+15
🇷🇺 Britons · Russia
473
-15
UMMA KHAN
9:26 Loom
11:21 Feudal Age
13:20 Wheelbarrow
15:55 Double-Bit Axe
16:31 Horse Collar
20:25 Castle Age
18:38 Fletching
23:43 Hand Cart
23:26 Town Watch
32:58 Stone Mining
TheEmbraced
10:01 Loom
12:24 Feudal Age
16:55 Padded Archer Armor
16:46 Fletching
20:30 Double-Bit Axe
27:15 Castle Age
27:22 Crossbowman
30:43 Leather Archer Armor
30:24 Bodkin Arrow
37:13 Yeomen
39:51 Imperial Age
37:42 Gold Mining
37:47 Stone Mining
38:10 Bow Saw
38:39 Wheelbarrow
37:47 Horse Collar
42:12 Arbalester
Connection lost

Rejoining the realm…

Still unreachable

The connection could not be restored.

Session expired

The server has moved on; the page needs a fresh start.